 Dungeon Crawl Stone Soup version 0.23.0 (webtiles) character file.

Game seed: 3278295385873854763

1190 tidbits the Charmwright (level 8, 19/64 HPs)
             Began as a Gnoll Skald on Feb 11, 2019.
             Quit the game on level 7 of the Dungeon.
             The game lasted 00:12:06 (1159 turns).

tidbits the Charmwright (Gnoll Skald)               Turns: 1159, Time: 00:12:07

Health: 19/64      AC:  9    Str: 15    XL:     8   Next: 43%
Magic:  10/17      EV: 13    Int: 17    God:
Gold:   51         SH:  0    Dex: 14    Spells: 8/19 levels left

rFire    . . .     SeeInvis .   i - +1 whip (elec)
rCold    . . .     Gourm    .   (no shield)
rNeg     . . .     Faith    .   n - +0 ring mail
rPois    .         Spirit   .   E - +1 helmet
rElec    .         Reflect  .   (no cloak)
rCorr    .         Harm     .   G - +0 pair of gloves
MR       .....                  (no boots)
Stlth    ++........             (no amulet)
HPRegen  0.20/turn              (no ring)
MPRegen  0.15/turn              (no ring)

@: mildly poisoned (19 -> 15), singing
A: distributed training, fangs 1, strong nose
a: no special abilities


You were on level 7 of the Dungeon.
You were not hungry.

You visited 1 branch of the dungeon, and saw 7 of its levels.
You also visited: Ossuary.

You collected 51 gold pieces.

Inventory:

Hand Weapons
 a - a +0 spear
 h - a +0 hunting sling
 i - a +1 whip of electrocution (weapon)
   (You took it off a kobold on level 1 of the Dungeon)
 p - a +1 hand axe of chopping
   (You took it off an orc on level 5 of the Dungeon)
 w - a +2 flail of protection
   (You took it off Edmund on level 5 of the Dungeon)
Missiles
 g - 66 arrows
Armour
 b - a +0 leather armour
 n - a +0 ring mail (worn)
 x - a +0 ring mail
 B - a +3 scale mail
 E - a +1 helmet (worn)
 G - a +0 pair of gloves (worn)
Jewellery
 v - an uncursed ring of fire
   (You found it on level 5 of the Dungeon)
Wands
 y - a wand of polymorph (3)
 A - a wand of iceblast (12)
Scrolls
 j - a scroll of amnesia
 k - a scroll of enchant armour
 l - 2 scrolls of fog
 o - a scroll of noise {!r}
 r - a scroll of summoning {unknown}
 s - 3 scrolls of remove curse {unknown}
 t - a scroll of teleportation
Potions
 c - 2 potions of heal wounds {unknown}
 f - a potion of invisibility {unknown}
 m - a potion of resistance {unknown}
 q - 2 potions of flight {unknown}
 u - a potion of might
 z - 4 potions of curing {unknown}
Comestibles
 d - 4 rations


   Skills:
 + Level 5.6 Fighting
 + Level 3.2 Short Blades
 + Level 3.2 Long Blades
 + Level 3.2 Axes
 + Level 3.2 Maces & Flails
 + Level 5.6 Polearms
 + Level 3.2 Staves
 + Level 3.2 Slings
 + Level 3.2 Bows
 + Level 3.2 Crossbows
 + Level 3.2 Throwing
 + Level 4.1 Armour
 + Level 5.6 Dodging
 + Level 3.2 Stealth
 + Level 3.2 Shields
 + Level 3.2 Unarmed Combat
 + Level 6.0 Spellcasting
 + Level 2.6 Conjurations
 + Level 2.6 Hexes
 + Level 6.1 Charms
 + Level 2.6 Summonings
 + Level 2.6 Necromancy
 + Level 2.6 Translocations
 + Level 2.6 Transmutations
 + Level 2.6 Fire Magic
 + Level 2.6 Ice Magic
 + Level 2.6 Air Magic
 + Level 2.6 Earth Magic
 + Level 2.6 Poison Magic
 + Level 3.5 Invocations
 + Level 3.2 Evocations


You had 8 spell levels left.
You knew the following spells:

 Your Spells              Type           Power        Failure   Level  Hunger
g - Shroud of Golubria    Chrm/Tloc      ###.......   6%          2    None
i - Infusion              Chrm           ####         1%          1    None
r - Regeneration          Chrm/Necr      ###.......   12%         3    ##.....
w - Spectral Weapon       Hex/Chrm       ###.....     12%         3    ##.....
y - Song of Slaying       Chrm           ####....     3%          2    None

Your spell library contained the following spells:

 Spells                   Type           Power        Failure   Level  Hunger


Dungeon Overview and Level Annotations

Branches:
Dungeon (7/15)
 Temple: D:4-7

Altars:
Trog
Wu Jian


Innate Abilities, Weirdness & Mutations

Your experience applies equally to all skills.
You have very sharp teeth.
Your uncanny sense of smell can sniff out nearby items.


Message History

You barely miss the killer bee. Your bite misses the killer bee.
Your spectral weapon hits the killer bee.
The killer bee stings your spectral weapon.
The killer bee closely misses you.
The gnoll hits you from afar with a +0 spear.
You hit the killer bee.
The killer bee is moderately wounded.
Your spectral weapon completely misses the killer bee.
The killer bee stings your spectral weapon but does no damage. x2
Unknown command.
You miss the killer bee.
The killer bee is moderately wounded.
Your shroud begins to fray at the edges.
Your spectral weapon hits the killer bee!
The killer bee closely misses you. The gnoll barely misses you.
The killer bee misses you.
You completely miss the killer bee. Your bite misses the killer bee.
The killer bee is severely wounded.
Your spectral weapon misses the killer bee.
The killer bee stings you but does no damage.
The gnoll closely misses you.
A worker ant comes into view.
The killer bee stings your spectral weapon.
Your spectral weapon shares its damage with you!
Unknown command.
Unknown command.
You closely miss the killer bee.
You bite the killer bee, but do no damage.
The killer bee is severely wounded.
Your spectral weapon completely misses the killer bee.
The killer bee barely misses you.
Your shroud bends the gnoll's attack away.
The killer bee barely misses you.
You miss the killer bee.
The killer bee is severely wounded.
Your spectral weapon hits the killer bee.
The killer bee closely misses you. The gnoll hits you but does no damage.
Your shroud bends the killer bee's attack away.
You miss the killer bee.
The killer bee is almost dead.
Your spectral weapon completely misses the killer bee.
The killer bee stings you but does no damage.
The gnoll barely misses you.
You hit the killer bee.
Lightning courses through the killer bee!
You kill the killer bee!
Your Spellcasting skill increases to level 6!
Your spectral weapon fades away.
The gnoll hits you but does no damage.
Casting: Shroud of Golubria (safe; 6% risk of failure)
Confirm with . or Enter, or press ? or * to list all spells.
You draw out your weapon's spirit!
Your shroud unravels.
The sentinel's mark upon you fades away.
The killer bee closely misses you. The killer bee stings you.
The gnoll closely misses you.
You barely miss the killer bee. You punch the killer bee.
The killer bee is moderately wounded.
The killer bee barely misses your spectral weapon. x2
Your spectral weapon hits the killer bee.
The gnoll barely misses you.
You miss the killer bee.
The killer bee is heavily wounded.
Your spectral weapon hits the killer bee.
The killer bee stings you but does no damage.
The killer bee misses you. The gnoll closely misses you.
You completely miss the killer bee.
The killer bee is severely wounded.
Your spectral weapon closely misses the killer bee.
The killer bee stings your spectral weapon but does no damage.
An orc wizard comes into view. It is wielding a +0 dagger.
The killer bee stings you.
You are poisoned.
The killer bee poisons you!
The gnoll hits you from afar with a +0 spear.
Unknown command.
Evoke which item? (* to show all) (? for menu, Esc to quit)
Okay, then.
You hit the killer bee.
The killer bee is almost dead.
You feel sick.
Your spectral weapon hits the killer bee.
Lightning courses through the killer bee!
You kill the killer bee!
An orc comes into view. It is wielding a +0 club.
The gnoll hits you but does no damage.
The killer bee stings you but does no damage.
You miss the killer bee.
You feel sick.
Your spectral weapon completely misses the killer bee.
The killer bee stings you but does no damage.
An orc wizard comes into view. It is wielding a +0 dagger.
A slave comes into view.
An orc wizard comes into view. It is wielding a +0 dagger.
The killer bee stings you!
* * * LOW HITPOINT WARNING * * *
The gnoll hits you from afar with a +0 spear.
* * * LOW HITPOINT WARNING * * *
Unknown command.
Unknown command.
Are you sure you want to abandon this character and quit the game? (Confirm with "yes".)

#p
.##.####
.......
∆
##....#
..ooa#
.og#
#y##
#@(##
##.#.##
#...#.#
##...##
##.##
#.# #o#
#.# #.#


You could see an orc warrior, a slave, a worker ant, a killer bee, 2 orc
wizards, a gnoll, an orc and a friendly spectral +1 whip of electrocution.

Vanquished Creatures
  An acid dragon (D:6)
  Edmund (D:5)
  An ice beast (D:5)
  2 ogres
  A bullfrog (D:7)
  2 scorpions (D:4)
  2 killer bees (D:7)
  A howler monkey (D:6)
  2 crimson imps
  An orc priest (D:5)
  A gnoll shaman (D:7)
  An orc wizard (D:5)
  5 worker ants
  A hound skeleton (D:5)
  2 gnolls (D:7)
  3 adders (D:5)
  A shadow imp (D:5)
  An ooze (D:5)
  An adder zombie (Ossuary)
  2 adder skeletons
  A worm (D:5)
  A dart slug (D:1)
  A leopard gecko (D:1)
  11 orcs
  4 bats (D:1)
  2 giant cockroaches (D:1)
  4 goblins (D:1)
  5 hobgoblins
  2 kobolds (D:1)
  2 ball pythons (D:1)
  2 frilled lizards
  2 goblin zombies (Ossuary)
  5 hobgoblin zombies (Ossuary)
  A jackal zombie (Ossuary)
  7 kobold zombies (Ossuary)
  A leopard gecko skeleton (D:5)
  4 orc zombies (Ossuary)
  3 rats (D:1)
90 creatures vanquished.

Notes
Turn   | Place    | Note
-------+----------+-------------------------------------------
     0 | D:1      | tidbits the Gnoll Skald began the quest for the Orb.
     0 | D:1      | Reached XP level 1. HP: 20/20 MP: 6/6
    68 | D:1      | Reached XP level 2. HP: 23/26 MP: 3/7
    78 | D:1      | Learned a level 2 spell: Song of Slaying
    81 | D:1      | Learned a level 2 spell: Shroud of Golubria
   184 | D:1      | Reached XP level 3. HP: 31/31 MP: 6/9
   189 | D:1      | Learned a level 3 spell: Regeneration
   193 | D:1      | Learned a level 3 spell: Spectral Weapon
   206 | D:1      | Reached skill level 5 in Spellcasting
   287 | D:3      | Reached skill level 1 in Short Blades
   287 | D:3      | Reached skill level 1 in Long Blades
   287 | D:3      | Reached skill level 1 in Axes
   287 | D:3      | Reached skill level 1 in Maces & Flails
   287 | D:3      | Reached skill level 1 in Staves
   287 | D:3      | Reached skill level 1 in Slings
   287 | D:3      | Reached skill level 1 in Bows
   287 | D:3      | Reached skill level 1 in Crossbows
   287 | D:3      | Reached skill level 1 in Throwing
   287 | D:3      | Reached skill level 1 in Stealth
   287 | D:3      | Reached skill level 1 in Shields
   287 | D:3      | Reached skill level 1 in Unarmed Combat
   287 | D:3      | Reached skill level 1 in Invocations
   287 | D:3      | Reached skill level 1 in Evocations
   287 | D:3      | Reached XP level 4. HP: 30/38 MP: 8/11
   303 | D:3      | Found a bloodstained altar of Trog.
   418 | D:4      | Reached skill level 1 in Conjurations
   418 | D:4      | Reached skill level 1 in Hexes
   418 | D:4      | Reached skill level 1 in Summonings
   418 | D:4      | Reached skill level 1 in Necromancy
   418 | D:4      | Reached skill level 1 in Translocations
   418 | D:4      | Reached skill level 1 in Transmutations
   418 | D:4      | Reached skill level 1 in Fire Magic
   418 | D:4      | Reached skill level 1 in Ice Magic
   418 | D:4      | Reached skill level 1 in Air Magic
   418 | D:4      | Reached skill level 1 in Earth Magic
   418 | D:4      | Reached skill level 1 in Poison Magic
   418 | D:4      | Reached XP level 5. HP: 36/43 MP: 5/12
   436 | D:4      | Reached skill level 3 in Armour
   451 | D:5      | Entered Level 5 of the Dungeon
   568 | D:5      | Reached skill level 2 in Invocations
   568 | D:5      | Reached XP level 6. HP: 40/50 MP: 5/13
   602 | D:5      | Found an ornate altar of the Wu Jian Council.
   612 | D:5      | Found a sand-covered staircase.
   616 | Ossuary  | Entered an ossuary
   684 | Ossuary  | Reached skill level 5 in Fighting
   684 | Ossuary  | Reached skill level 5 in Polearms
   684 | Ossuary  | Reached skill level 5 in Dodging
   718 | D:5      | Noticed an ice beast
   727 | D:5      | Killed an ice beast
   727 | D:5      | Reached skill level 2 in Short Blades
   727 | D:5      | Reached skill level 2 in Long Blades
   727 | D:5      | Reached skill level 2 in Axes
   727 | D:5      | Reached skill level 2 in Maces & Flails
   727 | D:5      | Reached skill level 2 in Staves
   727 | D:5      | Reached skill level 2 in Slings
   727 | D:5      | Reached skill level 2 in Bows
   727 | D:5      | Reached skill level 2 in Crossbows
   727 | D:5      | Reached skill level 2 in Throwing
   727 | D:5      | Reached skill level 2 in Stealth
   727 | D:5      | Reached skill level 2 in Shields
   727 | D:5      | Reached skill level 2 in Unarmed Combat
   727 | D:5      | Reached skill level 2 in Evocations
   730 | D:5      | Reached XP level 7. HP: 44/56 MP: 8/15
   785 | D:5      | Noticed Edmund
   789 | D:5      | Killed Edmund
   789 | D:5      | Reached skill level 2 in Conjurations
   789 | D:5      | Reached skill level 2 in Hexes
   789 | D:5      | Reached skill level 2 in Summonings
   789 | D:5      | Reached skill level 2 in Necromancy
   789 | D:5      | Reached skill level 2 in Translocations
   789 | D:5      | Reached skill level 2 in Transmutations
   789 | D:5      | Reached skill level 2 in Fire Magic
   789 | D:5      | Reached skill level 2 in Ice Magic
   789 | D:5      | Reached skill level 2 in Air Magic
   789 | D:5      | Reached skill level 2 in Earth Magic
   789 | D:5      | Reached skill level 2 in Poison Magic
   841 | D:6      | Reached skill level 3 in Invocations
   841 | D:6      | Reached XP level 8. HP: 53/63 MP: 7/16
   927 | D:6      | Reached skill level 6 in Charms
   993 | D:6      | Reached skill level 4 in Armour
  1054 | D:6      | Reached skill level 3 in Short Blades
  1054 | D:6      | Reached skill level 3 in Long Blades
  1054 | D:6      | Reached skill level 3 in Axes
  1054 | D:6      | Reached skill level 3 in Maces & Flails
  1054 | D:6      | Reached skill level 3 in Staves
  1054 | D:6      | Reached skill level 3 in Slings
  1054 | D:6      | Reached skill level 3 in Bows
  1054 | D:6      | Reached skill level 3 in Crossbows
  1054 | D:6      | Reached skill level 3 in Throwing
  1054 | D:6      | Reached skill level 3 in Stealth
  1054 | D:6      | Reached skill level 3 in Shields
  1054 | D:6      | Reached skill level 3 in Unarmed Combat
  1054 | D:6      | Reached skill level 3 in Evocations
  1152 | D:7      | Reached skill level 6 in Spellcasting
  1159 | D:7      | Quit the game

Skill      XL: |  1  2  3  4  5  6  7  8 |
---------------+-------------------------+-----
Spellcasting   | 5 6 |  6.0
Short Blades   | 1 2 3 |  3.2
Long Blades    | 1 2 3 |  3.2
Axes           | 1 2 3 |  3.2
Maces & Flails | 1 2 3 |  3.2
Staves         | 1 2 3 |  3.2
Slings         | 1 2 3 |  3.2
Bows           | 1 2 3 |  3.2
Crossbows      | 1 2 3 |  3.2
Throwing       | 1 2 3 |  3.2
Stealth        | 1 2 3 |  3.2
Shields        | 1 2 3 |  3.2
Unarmed Combat | 1 2 3 |  3.2
Invocations    | 1 2 3 |  3.5
Evocations     | 1 2 3 |  3.2
Conjurations   | 1 2 |  2.6
Hexes          | 1 2 |  2.6
Summonings     | 1 2 |  2.6
Necromancy     | 1 2 |  2.6
Translocations | 1 2 |  2.6
Transmutations | 1 2 |  2.6
Fire Magic     | 1 2 |  2.6
Ice Magic      | 1 2 |  2.6
Air Magic      | 1 2 |  2.6
Earth Magic    | 1 2 |  2.6
Poison Magic   | 1 2 |  2.6
Armour         | 3 4 |  4.1
Fighting       | 5 |  5.6
Polearms       | 5 |  5.6
Dodging        | 5 |  5.6
Charms         | 6 |  6.1

Action                   |  1- 3 |  4- 6 |  7- 9 || total
-------------------------+-------+-------+-------++-------
Melee: Spear             |    18 |       |       ||    18
       Whip              |    43 |    73 |    56 ||   172
       Bite              |     5 |     8 |     8 ||    21
       Punch             |       |       |     2 ||     2
 Cast: Infusion          |     3 |       |       ||     3
       Song of Slaying   |     3 |     3 |     1 ||     7
       Shroud of Golubri |     2 |     1 |     2 ||     5
       Spectral Weapon   |       |     9 |    11 ||    20
       Regeneration      |       |     3 |     1 ||     4
Evoke: Wand              |       |       |     1 ||     1
  Use: Scroll            |       |     5 |     1 ||     6
 Stab: Sleeping          |       |     1 |     1 ||     2
       Distracted        |       |     1 |     1 ||     2
  Eat: Ration            |       |     1 |       ||     1
Armor: Leather armour    |    11 |    13 |     3 ||    27
       Ring mail         |       |       |    10 ||    10
Dodge: Dodged            |    44 |    28 |    50 ||   122

Table legend:
 A = Turns spent in this place as a percentage of turns spent in the entire game.
 B = Non-inter-level travel turns spent in this place as a percentage of non-inter-level travel turns spent in the entire game.
 C = Inter-level travel turns spent in this place as a percentage of turns spent in this place.
 D = Turns resting spent in this place as a percentage of non-inter-level travel turns spent in this place.
 E = Turns spent auto-exploring this place as a percentage of non-inter-level travel turns spent in this place.
 F = Non-inter-level travel turns spent in this place divided by the number of levels of this place that you've seen.
                   A       B       C       D       E      F
               +-------+-------+-------+-------+-------+----------------------
         Total | 100.0 | 100.0 |   0.7 |   0.0 |   0.0 | 143.9
       Dungeon |  91.6 |  91.6 |   0.8 |   0.0 |   0.0 | 150.6
       Ossuary |   8.4 |   8.4 |   0.0 |   0.0 |   0.0 |  97.0
               +-------+-------+-------+-------+-------+----------------------

Table legend:
 A = Kills in this place as a percentage of kills in entire the game.
 B = Kills by you in this place as a percentage of kills by you in the entire game.
 C = Kills by friends in this place as a percentage of kills by friends in the entire game.
 D = Other kills in this place as a percentage of other kills in the entire game.
 E = Experience gained in this place as a percentage of experience gained in the entire game.
 F = Experience gained in this place divided by the number of levels of this place that you have seen.
                   A       B       C       D       E      F
               +-------+-------+-------+-------+-------+----------------------
         Total | 100.0 | 100.0 |   N/A |   N/A | 100.0 | 212.5
       Dungeon |  77.8 |  77.8 |   N/A |   N/A |  98.5 | 239.3
       Ossuary |  22.2 |  22.2 |   N/A |   N/A |   1.5 |  25.0
               +-------+-------+-------+-------+-------+----------------------

Levels and vault maps discovered:
D:1:      scummos_arrival_hexagon, layout_rooms
D:2:      layout_basic, uniq_crazy_yiuf_cottage, uniq_robin
D:3:      layout_rooms, bloody_trog, hangedman_abyss_or_decor_lesser_grid
D:4:      layout_loops_ring, first_ration, serial_shops, shop, uniq_grinder
D:5:      layout_basic, basic_altar, lightli_ossuary_entry_decrepit_ruins,
          st_stairs_10, uniq_edmund
D:6:      layout_layer_cave, grunt_dithmenos_shadows, serial_shops,
          nicolae_shop_statue_plus, chequers_serial_rivers_small_a,
          minmay_fractal_squares_gapless_5
D:7:      layout_loops_ring, kennysheep_mini_moat,
          minmay_temple_entry_junction_2, uniq_pikel
Ossuary:  ossuary_tomb_1
